 Dungeon Crawl Stone Soup version 0.19.1 (webtiles) character file.

51 doubledope the Ruffian (level 3, -1/28 HPs)
             Began as a Draconian Transmuter on Dec 4, 2016.
             Slain by a goblin
             ... wielding a +0 club
             ... led by Robin
              (7 damage)
             ... on level 2 of the Dungeon.
             The game lasted 00:07:35 (858 turns).

doubledope the Ruffian (Draconian Transmuter)        Turns: 858, Time: 00:07:35

Health: -1/28      AC:  7    Str: 12    XL:     3   Next: 58%
Magic:  3/6        EV: 12    Int: 14    God:
Gold:   56         SH:  0    Dex: 11    Spells: 2 memorised, 3 levels left

rFire  . . .     SeeInvis .       - Unarmed
rCold  . . .     Gourm    .     (armour unavailable)
rNeg   . . .     Faith    .     (no shield)
rPois  .         Spirit   .     i - +2 hat
rElec  .         Reflect  .     (no cloak)
rCorr  .         Harm     .     (no gloves)
MR     .....                    (no boots)
Stlth  +.........               (no amulet)
                                (no ring)
                                (no ring)

@: no status effects
A: unfitting armour, cold-blooded, AC +5
a: no special abilities


You were on level 2 of the Dungeon.
You were hungry.

You visited 1 branch of the dungeon, and saw 2 of its levels.

You collected 56 gold pieces.

Inventory:

Missiles
 a - 22 arrows
Armour
 i - a +2 hat (worn)
Scrolls
 d - a scroll of identify {unknown}
 e - a scroll of immolation {unknown}
 l - 5 scrolls of teleportation {unknown}
Potions
 f - a potion of curing {unknown}
 h - 3 potions of flight {unknown}
 j - a potion of lignification {unknown}
 k - a potion of agility {unknown}
Books
 b - a book of Changes

   Spells                             Type                      Level
   a - Beastly Appendage              Transmutation                1
   b - Sticks to Snakes               Transmutation                2
   c - Spider Form                    Transmutation/Poison         3
   d - Ice Form                       Ice/Transmutation            4
   e - Blade Hands                    Transmutation                5
Comestibles
 c - 2 bread rations
 g - a meat ration


   Skills:
 + Level 1.1 Fighting
 + Level 2.2 Dodging
 + Level 4.0 Unarmed Combat
 + Level 2.0 Spellcasting
 + Level 2.5 Transmutations


You had 3 spell levels left.
You knew the following spells:

 Your Spells              Type           Power        Failure   Level  Hunger
a - Beastly Appendage     Tmut           #.....       10%         1    ##.....
b - Sticks to Snakes      Tmut           #.......     14%         2    ###....


Dungeon Overview and Level Annotations

Branches:
Dungeon (2/15)

Altars:


Innate Abilities, Weirdness & Mutations

Your plain brown scales are hard. (AC +5)
You cannot fit into any form of body armour.
You are cold-blooded and may be slowed by cold attacks.


Message History

You barely miss Robin.
Robin is heavily wounded.
Robin roars a battlecry!
The goblin hits you but does no damage.
You hit Robin.
Robin is almost dead.
Robin roars a battlecry!
The goblin hits you but does no damage.
You hit Robin but do no damage.
Robin is almost dead.
You hit Robin.
You kill Robin!
Your Unarmed Combat skill increases to level 4!
The goblin hits you with a club.
* * * LOW HITPOINT WARNING * * *
You closely miss the goblin. You tail-slap the goblin.
The goblin is severely wounded.
The goblin no longer looks unusually strong.
The goblin hits you with a club!
You die... .# .# ##g## ggg<

#rg# #g) #.#
#g########.#
#gg@gg)....#
##########.#


You could see a hobgoblin and 4 goblins.

Vanquished Creatures
  Robin (D:2)
  An ooze (D:1)
  A dart slug (D:1)
  4 bats (D:1)
  10 goblins
  3 hobgoblins (D:1)
  6 kobolds (D:1)
  A frilled lizard (D:1)
  A rat (D:1)
28 creatures vanquished.

Vanquished Creatures (collateral kills)
  A goblin (D:2)
1 creature vanquished.

Vanquished Creatures (others)
  A hobgoblin (D:2)
  A rat (D:2)
2 creatures vanquished.

Grand Total: 31 creatures vanquished

Notes
Turn   | Place    | Note
-------+----------+-------------------------------------------
     0 | D:1      | doubledope the Draconian Transmuter began the quest for the Orb.
     0 | D:1      | Reached XP level 1. HP: 16/16 MP: 3/3
    78 | D:1      | Reached XP level 2. HP: 23/23 MP: 5/5
   366 | D:1      | Learned a level 2 spell: Sticks to Snakes
   424 | D:1      | Reached XP level 3. HP: 23/28 MP: 6/6
   652 | D:2      | Noticed Robin
   857 | D:2      | Killed Robin
   857 | D:2      | Reached skill level 4 in Unarmed Combat
   858 | D:2      | Slain by a goblin

Skill      XL: |  1  2  3 |
---------------+----------+-----
Dodging        | 2 |  2.2
Unarmed Combat | 4 |  4.0
Fighting       | |  1.1
Spellcasting   | |  2.0
Transmutations | |  2.5

Action                   || total
-------------------------++-------
Melee: Unarmed           ||   116
       Tailslap          ||    11
       Punch             ||     2
 Cast: Beastly Appendage ||     1
       Sticks to Snakes  ||     6
Armor: Skin              ||    43
Dodge: Dodged            ||    90
